 Seeded DCSS version 0.30-a0-1066-g63dfefce0d (webtiles) character file.

Game seed: 3197891053798171883 (custom seed)

991 Twinkles the Stinger (level 8, 0/54 HPs)
             Began as an Octopode Wanderer on Apr 12, 2023.
             Was a Believer of Cheibriados.
             Slain by a bullfrog (3 damage)
             ... on level 6 of the Dungeon.
             The game lasted 00:13:29 (4516 turns).

Twinkles the Stinger (Octopode Wanderer)            Turns: 4516, Time: 00:13:30

Health: 0/54       AC:  1    Str: 20    XL:     8   Next: 18%
Magic:  8/10       EV: 12    Int: 17    God:    Cheibriados [**....]
Gold:   222        SH:  0    Dex: 17    Spells: 5/9 levels left

rFire   . . .      SeeInvis .      - Unarmed
rCold   . . .      Faith    .    (no shield)
rNeg    . . .      Spirit   .    (helmet restricted)
rPois   .          Reflect  .    (no amulet)
rElec   .          Rampage  .    n - ring of wizardry
rCorr   .                        (no ring)
Will    .....                    (no ring)
Stlth   ++++                     (no ring)
HPRegen 0.29/turn                (no ring)
MPRegen 0.12/turn                (no ring)
                                 (no ring)
                                 (no ring)

@: lethally poisoned (0 -> -3), very slow
A: almost no armour, amphibious, 8 rings, camouflage 1, gelatinous body 1,
(nimble swimmer 1), tentacles
a: Renounce Religion, Bend Time


You were on level 6 of the Dungeon.
You worshipped Cheibriados.
Cheibriados was pleased with you.
You visited 1 branch of the dungeon, and saw 6 of its levels.

You collected 222 gold pieces.

Inventory:

Hand Weapons
 a - a +0 trident
 c - a +0 dagger
 d - a +2 dagger of draining
Missiles
 b - 23 poisoned darts (quivered)
Jewellery
 n - a ring of wizardry (left tentacle)
 p - a ring of poison resistance
Scrolls
 e - a scroll of fear {unknown}
 f - 3 scrolls of noise {unknown}
 g - a scroll of amnesia {unknown}
 h - a scroll of vulnerability {unknown}
 j - a scroll of enchant armour {unknown}
 k - 3 scrolls of poison
 o - a scroll of enchant weapon {unknown}
 r - a scroll of teleportation {unknown}
 t - a scroll of blinking {unknown}
 u - 3 scrolls of magic mapping {unknown}
Potions
 B - 2 potions of brilliance
 J - a potion of curing
 N - 2 potions of heal wounds
 R - a potion of resistance
 T - a potion of berserk rage
 U - 2 potions of mutation


   Skills:
 + Level 4.8 Fighting
 - Level 3.0 Polearms
 - Level 1.0 Throwing
 - Level 4.3 Stealth
 + Level 4.1 Unarmed Combat
 - Level 1.0 Spellcasting
 - Level 2.2 Conjurations
 + Level 0.6 Transmutations
 - Level 2.3 Air Magic
 + Level 4.9 Poison Magic
 - Level 3.4 Invocations


You had 5 spell levels left.
You knew the following spells:

 Your Spells              Type           Power      Damage    Failure   Level
a - Sting                 Tmut/Pois      40%        1d5       2%          1
b - Mephitic Cloud        Conj/Pois/Air  11%        N/A       7%          3

Your spell library contained the following spells:

 Spells                   Type           Power      Damage    Failure   Level
 Freeze                   Ice            0%         1d3       9%          1
 Slow                     Hex            0%         N/A       9%          1
 Hailstorm                Conj/Ice       4%         3d4       16%         3
 Vhi's Electric Charge    Tloc/Air       8%         N/A       16%         3
 Confusing Touch          Hex            0%         N/A       26%         3
 Frozen Ramparts          Ice            0%         1d1       26%         3
 Inner Flame              Hex/Fire       0%         N/A       26%         3
 Vampiric Draining        Necr           0%         2d6       26%         3
 Flame Wave               Conj/Fire      4%         2d5       45%         4
 Sticky Flame             Conj/Fire      4%         2d3       45%         4
 Alistair's Intoxication  Tmut/Pois      6%         N/A       56%         5
 Arcjolt                  Conj/Air       4%         1d14      65%         5
 Borgnjor's Vile Clutch   Necr/Erth      0%         N/A       90%         5
 Eringya's Noxious Bog    Tmut/Pois      5%         N/A       98%         6
 Plasma Beam              Fire/Air       2%         2x1d13    100%        6


Dungeon Overview and Level Annotations

Branches:
Dungeon (6/15) Zot: 40409
 Temple: D:4-7

Altars:
Cheibriados
Ru
Zin
The Shining One

Shops:
D:4 =


Innate Abilities, Weirdness & Mutations

You cannot wear most types of armour.
You are amphibious.
You can wear up to eight rings at the same time.
Your skin changes colour to match your surroundings (Stealth+).
Your rubbery body absorbs attacks. (AC +1, EV +1)
((You are camouflaged when in or above water. (Stealth+)))
You have tentacles for arms and can constrict up to eight enemies at once.


Message History

The kobold brigand appears confused.
The kobold brigand drinks a potion.
The kobold brigand is healed!
The kobold brigand seems less confused.
You miss the kobold brigand. Your grab misses the kobold brigand.
The kobold brigand hits you with a +1 dagger of venom!
An orc wizard comes into view. It is wielding a +0 dagger.
You barely miss the kobold brigand. Your grab misses the kobold brigand.
The kobold brigand hits you with a +1 dagger of venom.
You are poisoned.
You barely miss the kobold brigand. You grab the kobold brigand.
You constrict the kobold brigand.
You feel sick.
The kobold brigand struggles to escape constriction.
You tentacle-slap the kobold brigand. You squeeze the kobold brigand!
The kobold brigand is heavily wounded.
You constrict the kobold brigand.
You feel sick. The bullfrog hits you!
A kobold comes into view. It is wielding a +0 short sword.
The kobold brigand hits you with a +1 dagger of venom!
You are more poisoned.
The orc wizard points at you and mumbles some strange words.
You resist with some effort. The bullfrog misses you.
You feel better.
You constrict the kobold brigand.
The bullfrog hits you but does no damage.
The kobold brigand hits you with a +1 dagger of venom!
You are poisoned.
You tentacle-slap the kobold brigand.
The kobold brigand is severely wounded.
You constrict the kobold brigand.
You feel sick. The bullfrog hits you. The kobold brigand misses you.
The bullfrog hits you!
* * * LOW HITPOINT WARNING * * *
You release your grip on the kobold brigand.
The bullfrog attacks as you move away! The bullfrog barely misses you.
The kobold brigand attacks as you move away!
The kobold brigand hits you with a +1 dagger of venom!
* * * LOW HITPOINT WARNING * * *
x2 You feel sick.
A kobold comes into view. It is wielding a +0 dagger.
The bullfrog misses you.
There is a stone staircase leading up here.
* * * LOW HITPOINT WARNING * * *
You feel sick. The bullfrog hits you.
You die...

.## ## .... ..
..##$ ...K
#####..########
.......K..o....
#.KF# #...#@#
#.# #)# # #.#
#.# #.. ###


You could see a kobold brigand, a bullfrog and 2 kobolds.

Vanquished Creatures
  Sigmund (D:2)
  An ice beast (D:5)
  4 ogres
  A phantom (D:5)
  4 hounds
  Jessica (D:2)
  An iguana (D:5)
  2 orc wizards
  4 adders
  An ufetubus (D:4)
  2 worms
  4 dart slugs
  7 orcs
  4 ball pythons
  4 bats
  4 endoplasms
  3 giant cockroaches
  4 goblins
  3 hobgoblins
  5 jackals
  A quokka (D:5)
  2 frilled lizards
  5 kobolds
  A rat (D:3)
69 creatures vanquished.

Notes
Turn   | Place    | Note
-------+----------+-------------------------------------------
     0 | D:1      | Twinkles the Octopode Wanderer began the quest for the Orb.
     0 | D:1      | Twinkles set off with the following items: a +0 trident, 14
                  | poisoned darts, a +0 dagger, a potion of berserk rage; and
                  | the following spell memorised: Sting; and the following
                  | spells available to memorise: Mephitic Cloud.
     0 | D:1      | Reached XP level 1. HP: 14/14 MP: 2/2
   175 | D:1      | Reached XP level 2. HP: 19/19 MP: 3/3
  1101 | D:2      | Noticed Jessica
  1106 | D:2      | Killed Jessica
  1107 | D:2      | Reached skill level 1 in Unarmed Combat
  1107 | D:2      | Reached skill level 1 in Conjurations
  1107 | D:2      | Reached skill level 1 in Air Magic
  1107 | D:2      | Reached XP level 3. HP: 25/25 MP: 4/4
  1162 | D:2      | Reached XP level 4. HP: 29/30 MP: 5/5
  1350 | D:2      | Noticed Sigmund
  1363 | D:2      | Killed Sigmund
  1364 | D:2      | Reached XP level 5. HP: 14/36 MP: 6/6
  1627 | D:2      | Reached XP level 6. HP: 33/42 MP: 7/7
  1708 | D:2      | Learned a level 3 spell: Mephitic Cloud
  2060 | D:3      | Found a faded altar of an unknown god.
  2072 | D:3      | Prayed at the altar of an unknown god.
  2072 | D:3      | Became a worshipper of Cheibriados the Contemplative
  2072 | D:3      | Reached * piety under Cheibriados
  2203 | D:3      | Found a glowing golden altar of the Shining One.
  2602 | D:4      | Reached skill level 1 in Invocations
  2695 | D:4      | Reached skill level 1 in Stealth
  2707 | D:4      | Found a glowing silver altar of Zin.
  2707 | D:4      | Found a sacrificial altar of Ru.
  2743 | D:4      | Reached ** piety under Cheibriados
  2910 | D:4      | HP: 1/42 [ogre/+0 giant club (17)]
  2917 | D:4      | Reached XP level 7. HP: 3/47 MP: 8/8
  3169 | D:4      | Found Ziol's One-of-a-Kind Rings.
  3287 | D:5      | Entered Level 5 of the Dungeon
  3671 | D:5      | HP: 9/48 [ice beast (6)]
  4176 | D:5      | Reached XP level 8. HP: 27/54 MP: 10/10
  4514 | D:6      | HP: 15/54 [bullfrog (7)]
  4515 | D:6      | HP: 6/54 [kobold brigand/+1 dagger of venom (9)]
  4516 | D:6      | Slain by a bullfrog

Illustrated notes

Levels and vault maps discovered:
D:1:      mrwooster_arrival_statue_3, layout_basic
D:2:      layout_loops_corners, uniq_sigmund, uniq_jessica
D:3:      layout_loops_ring, old_standard_altar, basic_ecumenical_altar
D:4:      layout_basic, chequers_temple_overflow_statue_of_worship,
          nicolae_shop_unique_rings
D:5:      layout_gridville
D:6:      layout_rooms, nicolae_zen_rock_garden, uniq_blork_the_orc

Skill      XL: |  1  2  3  4  5  6  7  8 |
---------------+-------------------------+-----
Unarmed Combat | 1 2 3 4 |  4.1
Conjurations   | 1 2 |  2.2
Air Magic      | 1 2 |  2.3
Poison Magic   | 4 |  4.9
Fighting       | 3 4 |  4.8
Invocations    | 1 3 |  3.4
Stealth        | 2 4 |  4.3
Polearms       | |  3.0
Throwing       | |  1.0
Spellcasting   | |  1.0
Transmutations | |  0.6

Action                     |  1- 3 |  4- 6 |  7- 9 || total
---------------------------+-------+-------+-------++-------
  Melee: Dagger            |    39 |    73 |    26 ||   138
         Constrict         |     8 |    12 |     9 ||    29
         Tentacles         |     7 |    14 |    16 ||    37
         Trident           |     1 |       |       ||     1
         Punch             |       |     4 |     3 ||     7
         Unarmed           |       |       |    33 ||    33
   Cast: Mephitic Cloud    |       |       |     7 ||     7
 Invoke: Bend Time         |       |       |     1 ||     1
    Use: Scroll            |       |       |     6 ||     6
         Potion            |       |       |     1 ||     1
   Stab: Sleeping          |     5 |    10 |     3 ||    18
         Confused          |       |       |     3 ||     3
 Armour: Skin              |     4 |     5 |     1 ||    10
  Dodge: Dodged            |    22 |    49 |    26 ||    97

Table legend: (Time is in decaauts)
 A = Elapsed time spent in this place.
 B = Non-inter-level travel time spent in this place.
 C = Inter-level travel time spent in this place.
 D = Time resting spent in this place.
 E = Time spent auto-exploring this place.
 F = Levels seen in this place.
 G = Mean time per level.
                   A        B        C        D        E       F      G
               +--------+--------+--------+--------+--------+-----+--------+
         Total |   5133 |   4905 |    228 |    188 |   3989 |   6 |  855.5 |
       Dungeon |   5133 |   4905 |    228 |    188 |   3989 |   6 |  855.5 |
               +--------+--------+--------+--------+--------+-----+--------+

Top non-repeatable levels by time:
     D:5: 1451 daAuts
     D:1: 989 daAuts
     D:2: 973 daAuts
     D:4: 866 daAuts
     D:3: 806 daAuts
     D:6: 45 daAuts
